 Dungeon Crawl Stone Soup version 0.27.1-1-g398f81649c (webtiles) character file.

Game seed: 12541124646984336305

770 MajorAdolf the Fighter (level 7, -3/74 HPs)
             Began as a Naga Wanderer on Sept 17, 2021.
             Slain by an ogre (19 damage)
             ... on level 5 of the Dungeon.
             The game lasted 00:18:25 (9422 turns).

MajorAdolf the Fighter (Naga Wanderer)              Turns: 9422, Time: 00:18:25

Health: -3/74      AC:  7    Str: 14    XL:     7   Next: 82%
Magic:  7/7        EV:  8    Int: 12    God:
Gold:   196        SH:  0    Dex: 13    Spells: 6/6 levels left

rFire    . . .     SeeInvis +   f - +4 hand axe
rCold    + . .     Faith    .   (no shield)
rNeg     . . .     Spirit   .   j - +2 leather armour {rC+}
rPois    +         Reflect  .   (no helmet)
rElec    .         Harm     .   (no cloak)
rCorr    .         Rampage  .   k - +0 pair of gloves
Will     .....                  (no barding)
Stlth    +++.......             (no amulet)
HPRegen  0.22/turn              (no ring)
MPRegen  0.10/turn              (no ring)

@: short of breath, very slow
A: AC +2, large, see invisible, deformed body, poison resistance, slowness 2,
spit poison 1, naga tail 1
a: Spit Poison


You were on level 5 of the Dungeon.
You visited 1 branch of the dungeon, and saw 5 of its levels.

You collected 196 gold pieces.

Inventory:

Hand Weapons
 a - a +2 shortbow
 e - a +0 dagger
 f - a +4 hand axe (weapon)
 r - a +0 dagger of holy wrath
 s - a +1 vorpal long sword
Missiles
 b - 44 arrows
Armour
 c - a +0 ring mail
 j - a +2 leather armour of cold resistance (worn)
 k - a +0 pair of gloves (worn)
Wands
 q - a wand of polymorph (3)
Scrolls
 d - 4 scrolls of teleportation
 g - a scroll of enchant armour {unknown}
 h - a scroll of acquirement {unknown}
 i - a scroll of magic mapping {unknown}
 l - a scroll of enchant weapon {unknown}
 m - 2 scrolls of identify {unknown}
 p - a scroll of amnesia {unknown}
Potions
 n - a potion of ambrosia {unknown}
 o - a potion of attraction {unknown}


   Skills:
 - Level 8.0 Fighting
 - Level 1.7 Bows
 - Level 2.4 Armour
 - Level 5.0 Stealth
 - Level 1.0 Shields
 + Level 2.1 Evocations


You had 6 spell levels left.
You didn't know any spells.
Your spell library was empty.

Dungeon Overview and Level Annotations

Branches:
Dungeon (5/15)
 Temple: D:4-7

Altars:
Wu Jian
Zin

Shops:
D:3 [

Annotations:
D:2 1 runed translucent door, Crazy Yiuf
D:4 Pikel


Innate Abilities, Weirdness & Mutations

Your serpentine skin is tough. (AC +2)
You have supernaturally acute eyesight. (SInv)
Armour fits poorly on your strangely shaped body.
Your system is resistant to poisons. (rPois)
You cover ground very slowly.
You can spit poison.
You have a snake-like lower body.


Message History

There are monsters nearby!
You see here 14 gold pieces.
A bullfrog zombie is nearby!
You see here 14 gold pieces.
There are monsters nearby!
Found a club.
An ogre comes into view. It is wielding a +0 giant club.
Press: ? - help, Shift-Dir - straight line, f - ogre
Aim: an ogre, wielding a +0 giant club The splash of poison hits the ogre.
The ogre is poisoned.
The ogre is lightly wounded.
Unknown command.
You barely miss the ogre.
The ogre is lightly wounded.
You have got your breath back.
The ogre closely misses you.
Press: ? - help, Shift-Dir - straight line, f/p - ogre
Aim: an ogre, wielding a +0 giant club (lightly wounded, poisoned)
The splash of poison hits the ogre.
The ogre looks even sicker.
The ogre is moderately wounded.
The ogre hits you with a +0 giant club!
Unknown command.
You hit the ogre.
The ogre is heavily wounded.
The ogre hits you with a +0 giant club!
You hit the ogre.
The ogre is severely wounded.
The ogre hits you with a +0 giant club!
You hit the ogre.
The ogre is severely wounded.
You have got your breath back.
The ogre hits you with a +0 giant club!!
* * * LOW HITPOINT WARNING * * *
Unknown command.
Press: ? - help, Shift-Dir - straight line, f/p - ogre
Aim: an ogre, wielding a +0 giant club (severely wounded, very poisoned)
The splash of poison hits the ogre.
The ogre looks even sicker.
The ogre is almost dead.
The ogre hits you with a +0 giant club!!
You die...

#.......# .. .. #.#..##
#######.#...###...##
###.#.... #.#..##$##...#
#...>.###
#.##....##...############
#..######...##...##
#..........##.....#
#........###..###..#
#.....####...##Z..
#.####...$@O..##
#.....####...##Z..#
#........###..# #).
##.........##.... #
#.######...##...#
###....##...#####
#..##.##...# #...###...##
##.......##


You could see an ogre (very poisoned) and 2 bullfrog zombies.

Vanquished Creatures
  Sigmund (D:2)
  2 ogres (D:3)
  A necrophage (D:5)
  2 lemures
  A hound (D:5)
  A centaur skeleton (D:5)
  2 iguanas
  7 gnolls
  11 adders
  A white imp (D:5)
  An adder skeleton (D:4)
  A dart slug (D:5)
  7 orcs
  A bat (D:1)
  5 endoplasms
  3 giant cockroaches
  9 goblins
  5 hobgoblins
  A quokka (D:1)
  11 ball pythons
  2 frilled lizards (D:1)
  8 kobolds
  4 rats
87 creatures vanquished.

Notes
Turn   | Place    | Note
-------+----------+-------------------------------------------
     0 | D:1      | MajorAdolf the Naga Wanderer began the quest for the Orb.
     0 | D:1      | MajorAdolf set off with the following items: a +2 shortbow,
                  | 24 arrows, a +0 ring mail, a scroll of teleportation
     0 | D:1      | Reached XP level 1. HP: 21/21 MP: 1/1
   457 | D:1      | Reached XP level 2. HP: 21/28 MP: 2/2
  1175 | D:1      | Reached skill level 4 in Fighting
  1175 | D:1      | Reached XP level 3. HP: 7/36 MP: 3/3
  2842 | D:2      | Found a runed translucent door.
  2843 | D:2      | Noticed Crazy Yiuf
  2895 | D:1      | Reached XP level 4. HP: 19/45 MP: 4/4
  3433 | D:2      | Noticed Sigmund
  3756 | D:2      | Killed Sigmund
  3757 | D:2      | Reached skill level 5 in Fighting
  3757 | D:2      | Reached skill level 5 in Stealth
  3757 | D:2      | Reached XP level 5. HP: 43/55 MP: 5/5
  3757 | D:2      | Reached XP level 6. HP: 48/62 MP: 6/6
  4389 | D:3      | Found Bugias's Armour Shoppe.
  4401 | D:3      | Reached skill level 6 in Fighting
  4836 | D:3      | Found a faded altar of an unknown god.
  5963 | D:4      | Noticed Pikel
  6349 | D:3      | Reached skill level 7 in Fighting
  6349 | D:3      | Reached XP level 7. HP: 20/72 MP: 7/7
  6962 | D:5      | Entered Level 5 of the Dungeon
  8372 | D:4      | Reached skill level 8 in Fighting
  8758 | D:5      | Reached skill level 1 in Evocations
  9075 | D:5      | Found an ornate altar of the Wu Jian Council.
  9331 | D:5      | Found a glowing silver altar of Zin.
  9422 | D:5      | Slain by an ogre

Illustrated notes

Levels and vault maps discovered:
D:1:      dpeg_arrival_another_circle, layout_basic
D:2:      layout_rooms, serial_rivers, chequers_serial_rivers_micro_e,
          chequers_serial_rivers_room_b, chequers_serial_rivers_room_a,
          chequers_serial_rivers_micro_a, chequers_serial_rivers_room_a,
          chequers_serial_rivers_large_b, minmay_crystal_room, uniq_sigmund,
          uniq_crazy_yiuf_cottage
D:3:      layout_loops_cross, shapermc_ecumenical_altar_ellora, serial_shops,
          shop
D:4:      layout_cave_pools, uniq_pikel
D:5:      layout_basic, mainiacjoe_overflow_catch_the_wave, serial_rivers,
          chequers_serial_rivers_small_b, chequers_serial_rivers_marsh,
          chequers_serial_rivers_micro_c, chequers_serial_rivers_room_b,
          chequers_serial_rivers_micro_a, hex_tiny, minmay_puff

Skill      XL: |  1  2  3  4  5  6  7 |
---------------+----------------------+-----
Fighting       | 4 5 7 8 |  8.0
Stealth        | 3 5 |  5.0
Evocations     | 2 |  2.1
Bows           | |  1.7
Armour         | |  2.4
Shields        | |  1.0

Action                   |  1- 3 |  4- 6 |  7- 9 || total
-------------------------+-------+-------+-------++-------
Melee: Dagger            |    60 |     6 |       ||    66
       Hand axe          |       |    42 |   101 ||   143
 Fire: Shortbow          |       |     8 |       ||     8
 Abil: Spit Poison       |    51 |    18 |    28 ||    97
Evoke: Wand              |       |       |     1 ||     1
  Use: Potion            |     3 |       |       ||     3
 Stab: Sleeping          |       |     3 |       ||     3
Armor: Skin              |    12 |       |       ||    12
       Leather armour    |       |    15 |    56 ||    71
Dodge: Dodged            |    67 |    29 |    46 ||   142
